Construct Section Command Post
Construct Platoon Command Post
Selects Air and Sea Battlegroup
Selects Commando Section Paradrop
Commando Section Paradrop
6-pounder Anti-tank Gun Team
Construct Company Command Post
Unlock Bishop Self-propelled Artillery
Bishop Self-propelled Artillery
Selects Commando Support Section Paradrop
Commando Support Section Paradrop
Construct Field Infirmary
Unlock M3 Grant Medium Tanks
Selects Anti-tank Rocket Loiter